 Dungeon Crawl Stone Soup version 0.26-a0-664-gc8b27b8fc1 (webtiles) character file.

Game seed: 10042367994279553355

2884973 Flugkiller the Warrior (level 27, 142/142 HPs)
             Began as a Vine Stalker Berserker on Oct 13, 2020.
             Was a High Priest of Trog.
             Escaped with the Orb
             ... and 4 runes!
             The game lasted 01:50:52 (49548 turns).

Flugkiller the Warrior (Vine Stalker Berserker)    Turns: 49548, Time: 01:50:53

Health: 142/142    AC: 55    Str: 28      XL:     27
Magic:  24/24      EV: 15    Int:  1 (3)  God:    Trog [*****.]
Gold:   3514       SH: 24    Dex: 21      Spells: 26/26 levels left

rFire    + + +     SeeInvis +   x - +9 demon whip (drain)
rCold    . . .     Faith    .   h - +1 tower shield {rN+}
rNeg     + + +     Spirit   +   g - +14 crystal plate armour
rPois    +         Reflect  .   X - +2 helmet
rElec    .         Harm     .   f - scarf {shadows}
rCorr    .         Rampage  .   H - +0 pair of gloves of a ziggurat {rF++ rN+ SInv}
MR       +++..                  w - +3 pair of boots of Claustrophobia {rN+}
Stlth    ..........             m - amulet of Ruing {Acrobat rPois rF+}
HPRegen  1.13/turn              U - +4 ring of slaying
MPRegen  0.19/turn              Z - +4 ring of protection

@: bezotted
A: fangs 3, agile 1, blink, dopey 2, frail 1, regeneration 2, magic shield,
antimagic bite, no potion heal 3, rot immunity
0: Orb of Zot
}: 4/15 runes: serpentine, barnacled, silver, abyssal
a: Blink, Berserk, Trog's Hand, Brothers in Arms, Renounce Religion


You escaped.
You worshipped Trog.
Trog was extremely pleased with you.
You visited 7 branches of the dungeon, and saw 44 of its levels.
You visited the Abyss 1 time.
You visited 2 bazaars.

You collected 8824 gold pieces.
You spent 5310 gold pieces at shops.

Inventory:

Hand Weapons
 x - a +9 demon whip of draining (weapon)
   (You found it on level 14 of the Dungeon)
Missiles
 G - 5 throwing nets (quivered)
 L - 3 curare-tipped darts
Armour
 f - a scarf of shadows (worn)
   (You found it on level 5 of the Lair of Beasts)
 g - a +14 crystal plate armour (worn)
   (You acquired it on level 5 of the Vaults)
 h - a +1 tower shield of positive energy (worn)
   (You took it off a vault warden on level 5 of the Vaults)
 w - the +3 pair of boots of Claustrophobia (worn) {rN+}
   (You found it on level 4 of the Dungeon)

   It protects you from negative energy.
 H - the +0 pair of gloves of a ziggurat (worn) {rF++ rN+ SInv}
   (You found it on level 14 of the Dungeon)

   It greatly protects you from fire.
   It protects you from negative energy.
   It lets you see invisible.
 X - a +2 helmet (worn)
   (You found it on level 5 of the Lair of Beasts)
Jewellery
 m - the amulet of Ruing (around neck) {Acrobat rPois rF+}
   (You bought it in a shop on level 1 of the Depths)

   [amulet of the acrobat]

   It helps you evade while moving and waiting.
   It protects you from fire.
   It protects you from poison.
 r - an uncursed ring of see invisible
   (You found it on level 3 of the Snake Pit)
 E - an uncursed ring of protection from magic
   (You took it off a yaktaur on level 15 of the Dungeon)
 P - an uncursed ring of protection from cold
   (You found it on level 15 of the Dungeon)
 U - a +4 ring of slaying (left hand)
   (You found it on level 3 of the Lair of Beasts)
 Z - a +4 ring of protection (right hand)
   (You took it off a vault sentinel on level 5 of the Vaults)
Wands
 b - a wand of disintegration (29)
   (You took it off a kobold demonologist on level 11 of the Dungeon)
 t - a wand of paralysis (37)
   (You took it off Ijyb on level 3 of the Dungeon)
 I - a wand of acid (5)
   (You found it on level 10 of the Dungeon)
 N - a wand of iceblast (29)
   (You found it on level 2 of the Lair of Beasts)
 Q - a wand of enslavement (20)
   (You found it on level 2 of the Lair of Beasts)
 S - a wand of digging (13)
   (You found it on level 3 of the Lair of Beasts)
 V - a wand of flame (76)
   (You found it on level 3 of the Lair of Beasts)
Scrolls
 a - 5 scrolls of blinking
 c - 3 scrolls of immolation
 e - 20 scrolls of identify
 k - 28 scrolls of teleportation
 l - 15 scrolls of remove curse
 n - 4 scrolls of vulnerability
 q - 2 scrolls of silence
 u - 8 scrolls of fear
 v - 6 scrolls of fog
 O - 2 scrolls of magic mapping
 R - 2 scrolls of summoning
Potions
 i - 5 potions of cancellation
 j - a potion of ambrosia
 o - 6 potions of invisibility
 p - a potion of resistance
 s - 2 potions of might
 z - 3 potions of flight
 A - 21 potions of curing
 B - 3 potions of magic
 D - 8 potions of haste
 T - 3 potions of mutation
Miscellaneous
 d - a box of beasts (3/3)
   (You found it on level 13 of the Dungeon)
 y - a lightning rod (4/4)
   (You found it on level 11 of the Dungeon)
 C - a tin of tremorstones (3/3)
   (You found it on level 4 of the Lair of Beasts)
 F - a condenser vane (2/2)
   (You found it on level 5 of the Vaults)
 Y - a phantom mirror
   (You found it on level 5 of the Vaults)


   Skills:
 + Level 20.4 Fighting
 - Level 14.0 Maces & Flails
 - Level 19.7 Armour
 - Level 15.0 Dodging
 - Level 18.0 Shields
 - Level 15.0 Evocations


You had 26 spell levels left.
You didn't know any spells.
Your spell library was empty.

Dungeon Overview and Level Annotations

Branches:
Dungeon (15/15)            Temple (0/1) D:5            Lair (6/6) D:10
 Shoals (4/4) Lair:4        Snake (4/4) Lair:3        Slime (0/5) Lair:6
    Orc (0/2) D:11         Vaults (5/5) D:13          Crypt (0/3) Vaults:2
 Depths (5/5) D:15            Zot (5/5) Depths:5

Altars:
Ashenzari
Cheibriados
Fedhas
Gozag
Hepliaklqana
Kikubaaqudgha
Makhleb
Okawaru
Qazlal
Sif Muna
Trog
Xom
Yredelemnul
Zin
Lugonu

Shops:
D:5 [   D:8 ![[*   D:9 *   D:12 :*   D:14 [   D:15 *   Snake:2 [::*[
Snake:4 !?   Vaults:1 ?   Depths:1 }}=

Portals:
Hell: Depths:1 Depths:2 Depths:3 Depths:4 Depths:5
Abyss: Depths:1 Depths:4
Pandemonium: Depths:3 Depths:4
Ziggurat: Depths:3

Annotations:
D:9 3 runed translucent doors, Conn's ghost, novice OpWz
D:14 3 runed translucent doors, Vejem's ghost, journeyman GrEE
Lair:3 3 runed translucent doors, Turbonekonecno's ghost, journeyman OpVM


Innate Abilities, Weirdness & Mutations

You have razor-sharp teeth.
You heal very quickly.
When hurt, damage is shared between your health and your magic reserves.
Your bite disrupts and absorbs the magic of your enemies.
Potions cannot restore your health.
You are immune to rotting.
You are agile. (Dex +2)
You can translocate small distances at will.
You are very dopey. (Int -4)
You are frail. (-10% HP)


Message History

Unknown command.
You hit the tormentor but do no damage. You bite the tormentor.
The tormentor's magic leaks into the air.
You drain its magic.
The tormentor is lightly wounded.
You thrash the tormentor!! You bite the tormentor!
You kill the tormentor!
Trog accepts your kill.
No target in view!
No target in view!
(D) Dungeon (T) Temple (L) Lair (A) Shoals (P) Snake Pit (M) Slime Pits (O) Orcish Mines (V) Vaults (C) Crypt (U) Depths (H) Hell (Z) Zot
Where to? (Enter - D:1 @ (x,y), ? - help)
You see here a +0 club.
There is a stone staircase leading up here.
You climb upwards.
There is a stone staircase leading down here.
An eye of draining and a hobgoblin come into view.
Unknown command.
Unknown command.
The hobgoblin shouts!
You whack the hobgoblin!
You kill the hobgoblin!
Trog accepts your kill.
You thrash the eye of draining!! You drain the eye of draining!
You bite the eye of draining, but do no damage.
The eye of draining is almost dead.
You thrash the eye of draining!!
You kill the eye of draining!
Trog accepts your kill.
No target in view!
(D) Dungeon (T) Temple (L) Lair (A) Shoals (P) Snake Pit (M) Slime Pits (O) Orcish Mines (V) Vaults (C) Crypt (U) Depths (H) Hell (Z) Zot
Where to? (Enter - D:1 @ (x,y), ? - help)
A frilled lizard comes into view.
You block the frilled lizard's attack.
You barely miss the frilled lizard. You bite the frilled lizard.
You kill the frilled lizard!
Trog accepts your kill.
No target in view!
(D) Dungeon (T) Temple (L) Lair (A) Shoals (P) Snake Pit (M) Slime Pits (O) Orcish Mines (V) Vaults (C) Crypt (U) Depths (H) Hell (Z) Zot
Where to? (Enter - D:1 @ (x,y), ? - help)
There is an open door here.
There is a staircase leading out of the dungeon here.
Enter note: gg You have escaped!

#.≈≈≈≈≈≈≈≈≈....≈≈≈≈#####≈≈≈≈(.
#.≈≈≈≈≈≈≈≈≈...≈≈≈≈≈≈≈≈≈≈≈≈≈≈..
#.≈≈≈≈≈≈≈≈≈≈..≈≈≈≈≈≈≈≈≈≈≈≈≈≈.(
#.≈≈≈≈≈≈≈≈≈≈..≈≈≈≈≈≈≈≈≈≈≈≈≈≈.(
#..≈≈≈≈≈≈≈≈≈...≈≈≈≈≈≈≈≈≈≈≈≈≈..
##.≈≈≈≈≈≈≈≈##'##≈≈≈≈≈≈≈≈≈≈≈...
#.≈≈≈≈≈≈≈##)..##≈≈≈≈≈≈≈≈≈≈...
#.≈≈≈≈≈≈≈#.....#≈≈≈≈≈≈≈≈≈≈...
#..≈≈≈≈≈≈#..@..#≈≈≈≈≈≈≈≈≈...#
######.≈≈≈≈≈≈#..>..#≈≈≈≈≈≈≈≈≈...#
....##.≈≈≈≈≈≈##...##≈≈≈≈≈≈≈≈...##
....##..≈≈≈≈≈≈#####≈≈≈≈≈≈≈≈....##
....###.≈≈≈≈≈≈≈≈≈≈≈≈≈≈≈≈≈≈....##
....###..≈≈≈≈≈≈≈≈≈≈≈≈≈≈≈≈....##
.....###..≈≈≈≈≈.≈≈≈≈≈≈.≈....##
........#...≈≈≈≈≈≈≈≈≈≈.....##
....###........≈≈≈........##


There were no monsters in sight!

Vanquished Creatures
  4 orbs of fire (Zot:5)
  3 ancient liches
  Mara (Vaults:2)
  Mennas (Depths:4)
  A juggernaut (Depths:5)
  Sojobo (Vaults:5)
  A Killer Klown (Zot:5)
  2 caustic shrikes (Depths:3)
  8 golden dragons
  Jory (Depths:3)
  the Enchantress (Depths:3)
  An electric golem (Zot:5)
  A Tzitzimitl (Zot:3)
  An Ice Fiend (Zot:1)
  22 Orb Guardians
  9 tentacled monstrosities
  Jorgrun (D:12)
  Asterion (Vaults:1)
  A quicksilver dragon (Zot:3)
  3 titans
  6 sphinxes
  2 liches
  A kraken (Shoals:3)
  2 tentacled starspawn (Abyss:3)
  3 Executioners
  Kirke (Snake:3)
  12 shadow dragons
  7 tengu reavers
  Agnes (Snake:1)
  6 storm dragons
  3 draconian monks
  9 fire giants
  10 nagarajas
  An orc warlord (Vaults:5)
  A draconian knight (Zot:1)
  15 frost giants
  A frost giant (shapeshifter) (Vaults:5)
  A deep elf sorcerer (Vaults:4)
  A ghost moth (Abyss:3)
  2 iron dragons
  Aizul (Snake:2)
  15 vault wardens
  2 deep elf elementalists (Vaults:5)
  5 draconian stormcallers (Depths:5)
  A draconian shifter (Zot:2)
  28 stone giants
  14 ironheart preservers
  14 very ugly things
  4 grey draconians (Zot:2)
  9 spriggan defenders
  A vampire knight (Depths:3)
  3 green draconians
  A juggernaut skeleton (Depths:2)
  A war gargoyle (Vaults:5)
  Nessos (D:12)
  An entropy weaver (Vaults:1)
  A deep elf demonologist (Depths:4)
  4 purple draconians
  3 red draconians
  Azrael (D:12)
  3 yellow draconians
  3 black draconians
  3 deep elf annihilators (Vaults:5)
  A dire elephant (D:15)
  6 white draconians
  A merfolk javelineer (Shoals:2)
  5 spark wasps
  17 ettins
  5 deep elf death magi
  An eidolon (Abyss:3)
  Josephine (Shoals:1)
  9 great orbs of eyes
  8 merfolk impalers
  The ghost of ilii the Thaumaturge, a journeyman DEIE of Vehumet (Lair:4)
  16 fire dragons
  8 deep elf high priests
  2 small abominations
  A quicksilver dragon zombie (Abyss:3)
  15 yaktaur captains
  12 ogre magi
  23 vault guards (Vaults:5)
  15 naga warriors
  Fannar (Lair:2)
  10 ice dragons
  8 rakshasas
  5 spriggan air magi
  11 boulder beetles
  2 catoblepae
  12 hydras
  5 merfolk aquamancers
  A two-headed ogre (shapeshifter) (D:14)
  10 anacondas
  A merfolk avatar (Shoals:1)
  9 death knights
  35 two-headed ogres
  3 dancing weapons
  6 centaur warriors
  5 alligator snapping turtles
  5 deep troll earth magi
  2 satyrs (Shoals:3)
  5 tengu warriors
  A vampire mage (Depths:4)
  6 deep troll shamans
  9 spriggan berserkers
  3 wretched stars (Abyss:3)
  9 shock serpents
  A thrashing horror (Abyss:3)
  6 deep elf knights
  9 naga sharpshooters
  A storm dragon zombie (Vaults:2)
  4 iron trolls
  5 salamander mystics
  5 large abominations
  A spark wasp zombie (Depths:2)
  11 sea snakes
  2 glowing orange brains
  3 hell knights (Depths:1)
  4 skeletal warriors
  4 unseen horrors
  A spriggan druid (Depths:1)
  11 naga ritualists
  5 deep elf archers
  14 deep trolls
  A tengu zombie (Vaults:3)
  A kraken simulacrum (Shoals:4)
  5 flayed ghosts
  5 wizards
  An obsidian statue (D:12)
  7 phantasmal warriors
  8 necromancers
  14 ironbrand convokers
  A lindwurm (shapeshifter) (Vaults:2)
  14 orc knights
  14 harpies
  7 mana vipers
  9 wolf spiders
  2 human zombies (Vaults:2)
  39 ugly things
  8 deep elf magi
  10 fauns
  15 manticores
  14 salamanders
  A worldbinder (Abyss:3)
  An orc sorcerer (Vaults:4)
  12 cyclopes
  12 moths of wrath
  5 merfolk sirens
  26 black mambas
  23 naga magi
  A guardian serpent (shapeshifter) (Vaults:4)
  16 vault sentinels
  A black mamba (shapeshifter) (Vaults:1)
  Psyche (D:12)
  An apocalypse crab (Abyss:3)
  A guardian serpent (Abyss:3)
  A hellion (Depths:3)
  2 orange demons
  A smoke demon (Abyss:3)
  A gargoyle (D:14)
  7 water nymphs
  19 cane toads
  A cane toad (shapeshifter) (Vaults:2)
  15 komodo dragons
  3 rime drakes
  2 kobold demonologists
  36 yaktaurs
  5 tormentors
  A golden dragon simulacrum (Depths:2)
  2 hellwings
  5 tengu conjurers
  5 polar bears
  2 jumping spiders (shapeshifter)
  6 freezing wraiths
  An ancient zyme (Abyss:3)
  7 wind drakes
  A merfolk (shapeshifter) (Vaults:5)
  8 trolls
  2 trolls (shapeshifter)
  20 merfolk
  A shadow dragon simulacrum (Depths:2)
  3 tyrant leeches (Lair:6)
  A hornet (shapeshifter) (Depths:4)
  7 hornets
  4 raiju (Abyss:2)
  A raiju (shapeshifter) (Depths:5)
  18 slime creatures
  3 dream sheep (Shoals:4)
  9 snapping turtles
  28 blink frogs
  A tarantella (shapeshifter) (Depths:1)
  An ettin zombie (Vaults:3)
  A meliai zombie (D:11)
  5 spriggans (Depths:3)
  2 shadows
  5 starcursed masses (Abyss:3)
  A yak (shapeshifter) (Depths:5)
  3 ynoxinuls
  2 fire elementals
  A human (shapeshifter) (D:11)
  16 wraiths
  2 hogs (Snake:3)
  24 water elementals
  40 yaks
  A neqoxec (Abyss:3)
  2 wyverns
  3 basilisks
  8 vampire mosquitoes
  A chaos spawn (Depths:4)
  3 steam dragons
  6 wargs
  A soldier ant (shapeshifter) (Vaults:2)
  37 nagas
  8 hell hounds
  16 water moccasins
  5 acid dragons
  4 ice beasts
  A black bear (shapeshifter) (Vaults:1)
  25 orc warriors
  2 hornet zombies
  A black bear (Lair:2)
  4 eyes of draining
  A necrophage (D:7)
  5 phantoms
  7 sky beasts
  31 ogres
  13 wolves
  31 centaurs
  3 boggarts (Vaults:3)
  An elf skeleton (Vaults:3)
  3 big kobolds
  23 bullfrogs
  A gnoll sergeant (D:8)
  A human skeleton (Vaults:2)
  2 wyvern skeletons
  2 human simulacra (Vaults:2)
  8 scorpions
  A water moccasin skeleton (D:9)
  6 wights
  3 electric eels
  6 howler monkeys
  3 bullfrog zombies
  3 lava snakes (Snake:1)
  5 centaur zombies
  12 orc priests
  12 hounds
  12 jellies
  Ijyb (D:3)
  3 centaur skeletons
  11 orc wizards
  Jessica (D:2)
  An iguana (D:9)
  6 worker ants
  A hound skeleton (D:5)
  A worker ant zombie (D:10)
  3 gnolls (D:8)
  A howler monkey skeleton (D:7)
  16 adders
  2 shadow imps
  A white imp (D:5)
  An ufetubus (D:10)
  4 oozes
  2 adder zombies
  2 adder skeletons
  3 worms
  4 dart slugs
  2 leopard geckos
  83 orcs
  A ball python (D:2)
  4 giant cockroaches
  7 goblins
  16 hobgoblins
  11 jackals
  25 kobolds
  7 quokkas
  5 bats
  6 frilled lizards
  A giant cockroach zombie (D:5)
  2 quokka zombies (D:7)
  12 rats
  A crawling corpse (Vaults:2)
  A lurking horror (Abyss:3)
  3 starspawn tentacles (Abyss:3)
  5 tentacles (Shoals:3)
1853 creatures vanquished.

Vanquished Creatures (collateral kills)
  2 orbs of fire (Zot:5)
  Xtahua (Vaults:5)
  2 Killer Klowns
  A draconian monk (Zot:2)
  A fire giant (Vaults:5)
  A deep elf sorcerer (Vaults:5)
  A very ugly thing (Vaults:5)
  A draconian annihilator (Zot:1)
  A war gargoyle (Vaults:5)
  A black draconian (Zot:2)
  A deep elf annihilator (Depths:3)
  A yellow draconian (Zot:1)
  2 red draconians
  Snorg (D:10)
  A merfolk impaler (Shoals:2)
  A fire dragon (Depths:3)
  A yaktaur captain (Depths:3)
  A vault guard (Vaults:5)
  A merfolk aquamancer (Shoals:4)
  An iron troll (Depths:3)
  A phantasmal warrior (Vaults:5)
  A mana viper (Snake:3)
  A moth of wrath (Zot:2)
  2 manticores (Shoals:2)
  A merfolk siren (Shoals:4)
  A guardian serpent (Snake:3)
  2 black mambas (Snake:3)
  A naga mage (Snake:3)
  A torpor snail (Lair:4)
  A yaktaur (Depths:3)
  A komodo dragon (Lair:1)
  2 merfolk (Shoals:2)
  A hornet (Vaults:5)
  A water elemental (Shoals:4)
  A wyvern (Lair:1)
  A yak (Lair:4)
  A hog (Snake:3)
  A black bear (Lair:1)
  A centaur (Lair:4)
45 creatures vanquished.

Vanquished Creatures (others)
  A fire giant (Depths:5)
  A black draconian (Zot:3)
  A centaur skeleton (D:14)
  A water elemental (Depths:4)
  A centaur (D:14)
  A human skeleton (Vaults:2)
  An orc priest (D:12)
  31 fungi
  A lurking horror (Abyss:3)
  131 plants
  3 starspawn tentacles (Abyss:3)
  19 tentacles
192 creatures vanquished.

Grand Total: 2090 creatures vanquished

Notes
Turn   | Place    | Note
-------+----------+-------------------------------------------
     0 | D:1      | Flugkiller the Vine Stalker Berserker began the quest for
                  | the Orb.
     0 | D:1      | Reached XP level 1. HP: 11/11 MP: 2/2
   128 | D:1      | Reached XP level 2. HP: 16/16 MP: 3/3
   802 | D:2      | Reached XP level 3. HP: 17/19 MP: 4/4
   964 | D:2      | Found a faded altar of an unknown god.
   981 | D:2      | Noticed Jessica
   988 | D:2      | Killed Jessica
   988 | D:2      | Gained mutation: Your natural rate of healing is unusually
                  | fast. [Vine Stalker growth]
   988 | D:2      | Reached XP level 4. HP: 23/23 MP: 5/5
  1170 | D:2      | Reached ** piety under Trog
  1470 | D:2      | Reached XP level 5. HP: 28/28 MP: 6/6
  1600 | D:2      | Reached skill level 3 in Fighting
  1950 | D:3      | Noticed Ijyb
  2132 | D:3      | Killed Ijyb
  2132 | D:3      | Reached *** piety under Trog
  2132 | D:3      | Reached skill level 4 in Fighting
  2281 | D:3      | Reached XP level 6. HP: 33/33 MP: 7/7
  2518 | D:3      | Found an iron altar of Okawaru.
  2677 | D:3      | Noticed a moth of wrath
  2680 | D:3      | Found a bloodstained altar of Trog.
  3186 | D:4      | Reached skill level 5 in Maces & Flails
  3447 | D:4      | Noticed a phantom
  3466 | D:4      | Killed a phantom
  3466 | D:4      | Reached XP level 7. HP: 35/37 MP: 8/8
  3597 | D:4      | Got a pair of bloodstained boots
  3619 | D:4      | Identified the +3 pair of boots of Claustrophobia {rN+}
                  | (You found it on level 4 of the Dungeon)
  3799 | D:5      | Entered Level 5 of the Dungeon
  3979 | D:5      | Reached skill level 1 in Evocations
  4118 | D:5      | Found a staircase to the Ecumenical Temple.
  4346 | D:5      | Reached skill level 5 in Fighting
  4346 | D:5      | Gained mutation: You have razor-sharp teeth. [Vine Stalker
                  | growth]
  4346 | D:5      | Reached XP level 8. HP: 43/43 MP: 9/9
  4461 | D:5      | Found a blossoming altar of Fedhas.
  4914 | D:5      | Paralysed by an orc priest for 7 turns
  4967 | D:5      | Found Ruluxzy's Armour Emporium.
  5303 | D:6      | Reached **** piety under Trog
  5355 | D:6      | Found a glowing silver altar of Zin.
  5586 | D:6      | You fall into a shaft and drop 2 floors!
  5622 | D:8      | Reached XP level 9. HP: 44/47 MP: 10/10
  5647 | D:8      | Found a shimmering blue altar of Sif Muna.
  5967 | D:7      | Reached skill level 5 in Armour
  6003 | D:7      | Reached skill level 1 in Shields
  6184 | D:7      | Reached ***** piety under Trog
  6453 | D:7      | Reached skill level 5 in Dodging
  6945 | D:8      | Found Beazuliz's Assorted Antiques.
  7016 | D:8      | Bought a scroll labeled TIGGOCRIQO for 28 gold pieces
  7029 | D:8      | Found a shimmering altar of Xom.
  7030 | D:8      | Found a broken altar of Ashenzari.
  7083 | D:8      | Reached skill level 6 in Fighting
  7091 | D:8      | Noticed a cyclops
  7266 | D:8      | Killed a cyclops
  7266 | D:8      | Reached XP level 10. HP: 53/53 MP: 11/11
  7485 | D:8      | Found Sevar's Antique Armour Boutique.
  7489 | D:8      | Found Dadghum's Antique Armour Emporium.
  7511 | D:8      | Found Hotyffith's Distillery.
  8163 | D:9      | Noticed a two-headed ogre
  8199 | D:8      | Killed a two-headed ogre
  8199 | D:8      | Reached skill level 10 in Maces & Flails
  8359 | D:9      | Found a runed translucent gate.
  8360 | D:9      | Found a runed translucent gate.
  8360 | D:9      | Found an opulent altar of Gozag.
  8362 | D:9      | Found a runed translucent gate.
  8364 | D:9      | Found Edoewk's Assorted Antiques.
  8364 | D:9      | Noticed a fire dragon
  8364 | D:9      | Noticed an eight-headed hydra
  8364 | D:9      | Noticed Conn's ghost (novice OpWz)
  8893 | D:9      | Noticed a two-headed ogre
  8902 | D:9      | Killed a two-headed ogre
  9280 | D:10     | Entered Level 10 of the Dungeon
  9339 | D:10     | Reached XP level 11. HP: 56/56 MP: 12/12
  9492 | D:10     | Got a pitted short sword
  9552 | D:10     | Found a staircase to the Lair.
  9698 | D:10     | Got a crystal quarterstaff
  9714 | D:10     | Identified a scroll of acquirement
  9715 | D:10     | Acquired 731 gold pieces
  9899 | D:5      | Bought the +8 chain mail of Midnight {rN+ Str+9 Slay+2} for
                  | 1079 gold pieces
 10246 | D:10     | Noticed Snorg
 10251 | D:10     | Killed Snorg
 10554 | D:11     | Noticed a two-headed ogre
 10567 | D:11     | Killed a two-headed ogre
 10586 | D:11     | Noticed a cyclops
 10593 | D:11     | Found a staircase to the Orcish Mines.
 10640 | D:11     | Killed a cyclops
 10920 | D:11     | Noticed a manticore
 10963 | D:11     | Killed a manticore
 10967 | D:11     | Noticed a two-headed ogre
 10988 | D:11     | Killed a two-headed ogre
 11189 | D:11     | Gained mutation: You heal very quickly. [Vine Stalker
                  | growth]
 11189 | D:11     | Reached XP level 12. HP: 61/61 MP: 13/13
 11394 | D:11     | Reached ****** piety under Trog
 11571 | D:11     | Got an ancient jade amulet
 11716 | D:12     | Reached skill level 7 in Fighting
 11826 | D:12     | Noticed Azrael
 11978 | Lair:1   | Entered Level 1 of the Lair of Beasts
 11981 | Lair:1   | Noticed a six-headed hydra
 11998 | Lair:1   | Killed a six-headed hydra
 12054 | Lair:1   | Noticed an eight-headed hydra
 12061 | Lair:1   | Killed an eight-headed hydra
 12061 | Lair:1   | Reached skill level 8 in Fighting
 12409 | Lair:1   | Received a gift from Trog
 12475 | Lair:1   | Noticed an eight-headed hydra
 12489 | Lair:1   | Killed an eight-headed hydra
 12797 | Lair:2   | Noticed a catoblepas
 12838 | Lair:2   | Killed a catoblepas
 13125 | Lair:2   | Noticed Fannar
 13151 | Lair:2   | Killed Fannar
 13218 | Lair:2   | Noticed an eight-headed hydra
 13230 | Lair:2   | Killed an eight-headed hydra
 13230 | Lair:2   | Reached XP level 13. HP: 68/68 MP: 14/14
 14115 | Lair:3   | Found a staircase to the Snake Pit.
 14271 | Lair:3   | Found a runed translucent gate.
 14271 | Lair:3   | Found a runed translucent gate.
 14271 | Lair:3   | Found a runed translucent gate.
 14276 | Lair:3   | Noticed Turbonekonecno's ghost (journeyman OpVM)
 15091 | Lair:4   | Found a staircase to the Shoals.
 15146 | Lair:4   | Reached skill level 10 in Armour
 15254 | Lair:4   | Identified the amulet of Creativity {Regen+ Dex+2} (You
                  | found it on level 11 of the Dungeon)
 15350 | Lair:4   | Found a large runed translucent door.
 15350 | Lair:4   | Found a large runed translucent door.
 15351 | Lair:4   | Noticed ilii's ghost (journeyman DEIE)
 15527 | Lair:4   | Killed ilii's ghost
 15984 | Lair:5   | Reached skill level 9 in Fighting
 16174 | Lair:5   | Reached XP level 14. HP: 76/76 MP: 15/15
 16498 | Lair:6   | Entered Level 6 of the Lair of Beasts
 16539 | Lair:6   | Reached skill level 10 in Fighting
 16566 | Lair:6   | Received a gift from Trog
 16572 | Lair:6   | Reached skill level 5 in Evocations
 17185 | Lair:6   | Found a staircase to the Slime Pits.
 17394 | Lair:6   | Received a gift from Trog
 17487 | Lair:6   | Got a scorched mace
 17738 | D:12     | Noticed Psyche
 17749 | D:12     | Killed Psyche
 17838 | D:12     | Killed Azrael
 18005 | D:12     | Noticed Jorgrun
 18032 | D:12     | Killed Jorgrun
 18197 | D:12     | Noticed Nessos
 18202 | D:12     | Killed Nessos
 18419 | D:12     | Found Noasko's Assorted Antiques.
 18557 | D:12     | Reached skill level 11 in Fighting
 18840 | D:12     | Found Ekla's Book Shop.
 19189 | D:13     | Reached XP level 15. HP: 78/83 MP: 16/16
 19315 | D:13     | Found a gate to the Vaults.
 19510 | D:13     | Reached skill level 12 in Fighting
 19574 | D:13     | Found a shimmering blue altar of Sif Muna.
 20789 | D:14     | Noticed Vejem's ghost (journeyman GrEE)
 20790 | D:14     | Noticed a sphinx
 20885 | D:14     | Received a gift from Trog
 20923 | D:14     | Found Dutal's Armour Shop.
 21406 | D:14     | Got a pair of fading gloves
 21464 | D:14     | Identified the +0 pair of gloves of a ziggurat {rF++ rN+
                  | SInv} (You found it on level 14 of the Dungeon)
 21569 | D:14     | Found a runed translucent gate.
 21569 | D:14     | Found a runed translucent gate.
 21569 | D:14     | Found a runed translucent gate.
 21838 | D:15     | Entered Level 15 of the Dungeon
 21838 | D:15     | Found Huukoc's Assorted Antiques.
 21858 | D:15     | Found a snail-covered altar of Cheibriados.
 22008 | D:15     | Found a staircase to the Depths.
 22096 | D:15     | Reached skill level 5 in Shields
 22938 | Snake:1  | Entered Level 1 of the Snake Pit
 22938 | Snake:1  | Noticed Agnes
 22948 | Snake:1  | Killed Agnes
 23023 | Snake:1  | Reached XP level 16. HP: 76/88 MP: 17/17
 23118 | Snake:1  | Reached XP level 17. HP: 93/93 MP: 16/18
 23274 | Snake:1  | Found a gateway to a bazaar.
 23290 | Snake:1  | Received a gift from Trog
 23685 | Bazaar   | Entered a bazaar
 23687 | Bazaar   | Found Koiky's Distillery.
 23691 | Bazaar   | Found Ywaop's Armour Boutique.
 23692 | Bazaar   | Found Kemiuveg's Armour Boutique.
 23692 | Bazaar   | Found Guothralo's Book Boutique.
 23725 | Bazaar   | Bought a potion of might for 48 gold pieces
 23725 | Bazaar   | Bought a potion of might for 48 gold pieces
 23725 | Bazaar   | Bought a potion of haste for 120 gold pieces
 23725 | Bazaar   | Bought a potion of haste for 120 gold pieces
 23784 | Snake:2  | Reached skill level 10 in Shields
 23816 | Snake:2  | Found Cuep Tiul's Antique Armour Emporium.
 23816 | Snake:2  | Noticed Aizul
 23831 | Snake:2  | Killed Aizul
 23849 | Snake:2  | Bought a runed kite shield for 165 gold pieces
 23994 | Snake:2  | Found Itwel's Armour Emporium.
 23996 | Snake:2  | Found Zeecoaho's Book Shoppe.
 23996 | Snake:2  | Found Taunif Ogur's Book Emporium.
 24000 | Snake:2  | Found Husuivac's General Store.
 24267 | D:8      | Bought a scroll of enchant weapon for 210 gold pieces
 24267 | D:8      | Bought a scroll of teleportation for 84 gold pieces
 24405 | D:12     | Bought a slimy amber ring for 125 gold pieces
 24405 | D:12     | Bought a scroll of blinking for 187 gold pieces
 24405 | D:12     | Bought a scroll of blinking for 187 gold pieces
 24405 | D:12     | Identified the ring of the Devil's Team {+Blink +Fly rF-
                  | rN+ Str+2} (You bought it in a shop on level 12 of the
                  | Dungeon)
 25294 | Snake:3  | Reached skill level 10 in Dodging
 25313 | Snake:3  | Noticed Kirke
 25315 | Snake:3  | Noticed a sphinx
 25355 | Snake:3  | Received a gift from Trog
 25579 | Snake:3  | Killed Kirke
 26063 | Snake:3  | Reached XP level 18. HP: 99/99 MP: 19/19
 26087 | Snake:3  | Reached skill level 13 in Fighting
 26201 | Snake:4  | Entered Level 4 of the Snake Pit
 26201 | Snake:4  | Found Qonoc's Magic Scroll Emporium.
 26213 | Snake:4  | Bought a scroll of blinking for 120 gold pieces
 26296 | Snake:4  | Found Doxter's Distillery.
 26301 | Snake:4  | Bought a potion of haste for 180 gold pieces
 26301 | Snake:4  | Bought a potion of haste for 180 gold pieces
 26825 | Snake:4  | Reached skill level 14 in Fighting
 27108 | Snake:4  | Received a gift from Trog
 27280 | Snake:4  | Got a serpentine rune of Zot
 27504 | Snake:2  | Bought a tower shield for 99 gold pieces
 27601 | Shoals:1 | Entered Level 1 of the Shoals
 27601 | Shoals:1 | Noticed Josephine
 27608 | Shoals:1 | Killed Josephine
 27730 | Shoals:1 | Got a jewelled hand axe
 28445 | Shoals:2 | Found a flickering gateway to a bazaar.
 28454 | Bazaar   | Entered a bazaar
 28455 | Bazaar   | Found Giptoam's Magic Scroll Shoppe.
 28455 | Bazaar   | Found Firiloes's Weapon Emporium.
 28458 | Bazaar   | Found Zecolut's Assorted Antiques.
 28473 | Bazaar   | Found Zoalip's Antique Weapon Emporium.
 28490 | Bazaar   | Bought a scroll of enchant armour for 90 gold pieces
 29194 | Shoals:3 | Reached XP level 19. HP: 106/106 MP: 20/20
 29262 | Shoals:3 | Received a gift from Trog
 30028 | Shoals:4 | Entered Level 4 of the Shoals
 30436 | Shoals:4 | Received a gift from Trog
 30441 | Shoals:4 | Reached skill level 15 in Shields
 30452 | Shoals:4 | Got a barnacled rune of Zot
 31128 | Vaults:1 | Entered Level 1 of the Vaults
 31152 | Vaults:1 | Acquired 947 gold pieces
 31281 | Vaults:1 | Noticed Asterion
 31828 | Vaults:1 | Reached skill level 15 in Fighting
 31862 | Vaults:1 | Received a gift from Trog
 32001 | Vaults:1 | Got a steaming plate armour
 32002 | Vaults:1 | Identified the +4 plate armour of Kirghaosm {Harm rF- MP+9
                  | Dex+3} (You found it on level 1 of the Vaults)
 32084 | Vaults:1 | Killed Asterion
 32200 | Vaults:1 | Found Kanedypa's Magic Scroll Emporium.
 32207 | Vaults:1 | Bought a scroll of acquirement for 728 gold pieces
 32207 | Vaults:1 | Bought a scroll of blinking for 105 gold pieces
 32207 | Vaults:1 | Acquired 837 gold pieces
 32315 | Vaults:1 | Reached XP level 20. HP: 113/113 MP: 21/21
 32741 | Vaults:2 | Noticed Mara
 32755 | Vaults:2 | Killed Mara
 32902 | Vaults:2 | Found a staircase to the Crypt.
 32902 | Vaults:2 | Found a basalt altar of Yredelemnul.
 32903 | Vaults:2 | Found an ancient bone altar of Kikubaaqudgha.
 32981 | Vaults:2 | Received a gift from Trog
 33007 | Vaults:2 | Got a slimy scimitar {god gift}
 33381 | Vaults:2 | Reached skill level 10 in Evocations
 33958 | Vaults:2 | Reached XP level 21. HP: 119/119 MP: 22/22
 33963 | Vaults:2 | Reached skill level 16 in Fighting
 34093 | Vaults:2 | Received a gift from Trog
 34909 | Vaults:3 | Got a ripped robe
 34954 | Vaults:3 | Received a gift from Trog
 36623 | Vaults:4 | Received a gift from Trog
 37172 | Vaults:5 | Entered Level 5 of the Vaults
 37181 | Vaults:5 | Reached skill level 17 in Fighting
 37196 | Vaults:5 | Reached XP level 22. HP: 120/126 MP: 23/23
 37315 | Vaults:5 | Got a heavy robe
 37584 | Vaults:5 | Noticed Xtahua
 37593 | Vaults:5 | Killed Xtahua
 37593 | Vaults:5 | Reached skill level 15 in Armour
 37807 | Vaults:5 | Identified Vilygh's Tome of Flames and the Mountains
 38018 | Vaults:5 | Received a gift from Trog
 38023 | Vaults:5 | Noticed a golden dragon
 38040 | Vaults:5 | Killed a golden dragon
 38052 | Vaults:5 | Noticed Sojobo
 38068 | Vaults:5 | Killed Sojobo
 38667 | Vaults:5 | Noticed a golden dragon
 38682 | Vaults:5 | Killed a golden dragon
 38926 | Vaults:5 | Noticed an ancient lich
 38926 | Vaults:5 | Noticed a golden dragon
 38943 | Vaults:5 | Killed an ancient lich
 38943 | Vaults:5 | Reached XP level 23. HP: 130/130 MP: 24/24
 38952 | Vaults:5 | Killed a golden dragon
 39041 | Vaults:5 | Reached skill level 15 in Dodging
 39055 | Vaults:5 | Received a gift from Trog
 39138 | Vaults:5 | Got a silver rune of Zot
 39307 | Vaults:5 | Identified the cursed +1 leather armour of Blue Mirth
                  | {Harm}
 39347 | Vaults:5 | Identified the +4 quarterstaff "Arbiter" {venom, rElec
                  | MR++}
 39367 | Vaults:5 | Noticed an ancient lich
 39381 | Vaults:5 | Killed an ancient lich
 39523 | Vaults:5 | Noticed a golden dragon
 39533 | Vaults:5 | Killed a golden dragon
 39806 | Vaults:5 | Acquired a +2 crystal plate armour
 40365 | Depths:1 | Entered Level 1 of the Depths
 40398 | Depths:1 | Received a gift from Trog
 40637 | Depths:1 | Found a corrupted altar of Lugonu.
 40638 | Depths:1 | Found a one-way gate to the infinite horrors of the Abyss.
 40653 | Depths:1 | Found Ymoapp's Gadget Shoppe.
 40654 | Depths:1 | Found Fyurisow's Jewellery Shop.
 40655 | Depths:1 | Found Bamnieck's Gadget Shoppe.
 40661 | Depths:1 | Bought the amulet of Ruing {Acrobat rPois rF+} for 867 gold
                  | pieces
 40686 | Depths:1 | Found a gateway to Hell.
 40711 | Depths:1 | Cast into level 2 of the Abyss (hell knight)
 40862 | Abyss:3  | Got an abyssal rune of Zot
 40921 | Depths:1 | Escaped the Abyss
 41149 | Depths:1 | Received a gift from Trog
 41178 | Depths:1 | Reached XP level 24. HP: 131/136 MP: 24/24
 41719 | Depths:2 | Found a stormy altar of Qazlal.
 41720 | Depths:2 | Found a burning altar of Makhleb.
 41721 | Depths:2 | Found a hazy altar of Hepliaklqana.
 41765 | Depths:2 | Received a gift from Trog
 41912 | Depths:3 | Noticed the Enchantress
 41917 | Depths:3 | Killed the Enchantress
 41990 | Depths:3 | Received a gift from Trog
 42183 | Depths:3 | Noticed a caustic shrike
 42188 | Depths:3 | Killed a caustic shrike
 42255 | Depths:3 | Noticed Jory
 42272 | Depths:3 | Killed Jory
 42313 | Depths:3 | Noticed a caustic shrike
 42355 | Depths:3 | Killed a caustic shrike
 42362 | Depths:3 | Reached skill level 18 in Fighting
 42384 | Depths:3 | Reached XP level 25. HP: 142/142 MP: 24/24
 42429 | Depths:3 | Identified a +1 pair of boots of running (You found it on
                  | level 3 of the Depths)
 42612 | Depths:3 | Found the +3 giant club "Skullcrusher" {speed, Str+7}
 43282 | Depths:3 | Found a gateway to a ziggurat.
 43362 | Depths:3 | Found a one-way gate leading to the halls of Pandemonium.
 43405 | Depths:3 | You fall into a shaft and drop 1 floor!
 43435 | Depths:4 | Received a gift from Trog
 44290 | Depths:4 | Noticed Mennas
 44339 | Depths:4 | Killed Mennas
 44786 | Depths:5 | Entered Level 5 of the Depths
 45219 | Depths:5 | Noticed a juggernaut
 45243 | Depths:5 | Killed a juggernaut
 45254 | Depths:5 | Received a gift from Trog
 45441 | Depths:5 | Found a gate to the Realm of Zot.
 45695 | Zot:1    | Entered Level 1 of the Realm of Zot
 45799 | Zot:2    | Reached XP level 26. HP: 125/147 MP: 24/24
 45801 | Zot:2    | Noticed a Killer Klown
 45815 | Zot:2    | Killed a Killer Klown
 46441 | Snake:4  | Bought a potion of haste for 180 gold pieces
 46441 | Snake:4  | Bought a potion of resistance for 180 gold pieces
 46441 | Snake:4  | Bought a potion of haste for 180 gold pieces
 47377 | Zot:3    | Received a gift from Trog
 47502 | Zot:5    | Entered Level 5 of the Realm of Zot
 47923 | Zot:5    | Noticed an ancient lich
 47941 | Zot:5    | Killed an ancient lich
 47941 | Zot:5    | Reached skill level 15 in Evocations
 48089 | Zot:5    | Noticed a Killer Klown
 48090 | Zot:5    | Noticed an orb of fire
 48090 | Zot:5    | Noticed an orb of fire
 48099 | Zot:5    | Killed an orb of fire
 48101 | Zot:5    | Noticed an orb of fire
 48102 | Zot:5    | Noticed an orb of fire
 48106 | Zot:5    | Noticed an orb of fire
 48108 | Zot:5    | Gained mutation: You are dopey. (Int -2) [an orb of fire]
 48108 | Zot:5    | Gained mutation: You are very dopey. (Int -4) [an orb of
                  | fire]
 48136 | Zot:5    | Gained mutation: Your body sometimes deteriorates upon
                  | taking damage. [an orb of fire]
 48197 | Zot:5    | Killed an orb of fire
 48199 | Zot:5    | Gained mutation: You are clumsy. (Dex -2) [an orb of fire]
 48202 | Zot:5    | Gained mutation: Scrolls take you a little longer to read.
                  | [an orb of fire]
 48205 | Zot:5    | Gained mutation: Armour fits poorly on your strangely
                  | shaped body. [an orb of fire]
 48205 | Zot:5    | Killed an orb of fire
 48211 | Zot:5    | Lost mutation: You are clumsy. (Dex -2) [potion of
                  | mutation]
 48211 | Zot:5    | Lost mutation: Your body sometimes deteriorates upon taking
                  | damage. [potion of mutation]
 48211 | Zot:5    | Lost mutation: Scrolls take you a little longer to read.
                  | [potion of mutation]
 48211 | Zot:5    | Gained mutation: You are frail. (-10% HP) [potion of
                  | mutation]
 48211 | Zot:5    | Gained mutation: You can translocate small distances at
                  | will. [potion of mutation]
 48212 | Zot:5    | Lost mutation: You are frail. (-10% HP) [potion of
                  | mutation]
 48212 | Zot:5    | Lost mutation: Armour fits poorly on your strangely shaped
                  | body. [potion of mutation]
 48212 | Zot:5    | Lost mutation: You are very dopey. (Int -4) [potion of
                  | mutation]
 48212 | Zot:5    | Gained mutation: You are agile. (Dex +2) [potion of
                  | mutation]
 48233 | Zot:5    | Gained mutation: You are frail. (-10% HP) [an orb of fire]
 48241 | Zot:5    | Killed an orb of fire
 48260 | Zot:5    | Killed an orb of fire
 48260 | Zot:5    | Reached skill level 19 in Fighting
 48333 | Zot:5    | Killed a Killer Klown
 48363 | Zot:5    | Reached XP level 27. HP: 139/139 MP: 24/24
 48649 | Zot:5    | Noticed an orb of fire
 48665 | Zot:5    | Killed an orb of fire
 48665 | Zot:5    | Reached skill level 20 in Fighting
 48674 | Zot:5    | Noticed an orb of fire
 48680 | Zot:5    | Got the Orb of Zot
 48855 | Zot:2    | Noticed Siekhlud the pandemonium lord
 49030 | Depths:2 | Noticed Hecuah the pandemonium lord
 49097 | Depths:2 | Noticed a seraph
 49433 | D:6      | Gained mutation: You are very dopey. (Int -4) [a neqoxec]
 49547 | D:1      | gg
 49548 | D:$      | Escaped with the Orb!

Illustrated notes

#.≈≈≈≈≈≈≈≈≈....≈≈≈≈#####≈≈≈≈(.
#.≈≈≈≈≈≈≈≈≈...≈≈≈≈≈≈≈≈≈≈≈≈≈≈..
#.≈≈≈≈≈≈≈≈≈≈..≈≈≈≈≈≈≈≈≈≈≈≈≈≈.(
#.≈≈≈≈≈≈≈≈≈≈..≈≈≈≈≈≈≈≈≈≈≈≈≈≈.(
#..≈≈≈≈≈≈≈≈≈...≈≈≈≈≈≈≈≈≈≈≈≈≈..
##.≈≈≈≈≈≈≈≈##'##≈≈≈≈≈≈≈≈≈≈≈...
#.≈≈≈≈≈≈≈##)..##≈≈≈≈≈≈≈≈≈≈...
#.≈≈≈≈≈≈≈#.....#≈≈≈≈≈≈≈≈≈≈...
#..≈≈≈≈≈≈#..@..#≈≈≈≈≈≈≈≈≈...#
######.≈≈≈≈≈≈#..>..#≈≈≈≈≈≈≈≈≈...#
....##.≈≈≈≈≈≈##...##≈≈≈≈≈≈≈≈...##
....##..≈≈≈≈≈≈#####≈≈≈≈≈≈≈≈....##
....###.≈≈≈≈≈≈≈≈≈≈≈≈≈≈≈≈≈≈....##
....###..≈≈≈≈≈≈≈≈≈≈≈≈≈≈≈≈....##
.....###..≈≈≈≈≈.≈≈≈≈≈≈.≈....##
........#...≈≈≈≈≈≈≈≈≈≈.....##
....###........≈≈≈........##


Turn 49547 on D:1: gg

Levels and vault maps discovered:
D:1:      minmay_arrival_shoal_huts, layout_basic
D:2:      cheibrodos_greedy_goblins, layout_loops_ring,
          chequers_ecumenical_altar_simple, uniq_jessica
D:3:      layout_loops_ring, lemuel_doored_altar, tgw_trog, uniq_ijyb
D:4:      layout_rooms
D:5:      layout_cave_pods, fedhas_altar_4, temple_green, serial_glass,
          glass_columns_b, glass_columns_a, serial_shops, shop
D:6:      layout_basic, zin_scriptorium
D:7:      layout_basic
D:8:      layout_loops_cross, old_standard_altar,
          gammafunk_temple_overflow_pools, serial_shops,
          nicolae_shop_behind_doors, shop_statue, shop, shop_fountains,
          minivault_14, hangedman_decor_opposing
D:9:      layout_loops_ring, ebering_ghost_gozag, grunt_ogre_cave
D:10:     layout_basic, david_lair_shrubbed, uniq_snorg
D:11:     minmay_bloctagon, layout_irregular_city, david_orc_2
D:12:     layout_loops_cross, serial_shops, shop, nicolae_shop_waterfront,
          minivault_16, chequers_arboretum, minmay_misc_feat_rows, uniq_psyche,
          uniq_azrael, uniq_nessos, uniq_jorgrun
D:13:     layout_basic, erik_vaults_1, basic_altar,
          hangedman_abyss_or_decor_passed
D:14:     cheibrodos_tormentor_scu, layout_cave_pods, serial_shops,
          nicolae_shop_stone, gammafunk_ghost_split
D:15:     hangedman_depths_entry_try_elsewhere_first, layout_irregular_city,
          serial_shops, nicolae_shop_overgrown_old_shop, basic_altar,
          minivault_24
Lair:1:   layout_cellular_growth, st_stairs_6, serial_bayou_shore_b
Lair:2:   layout_chaotic_city, chequers_serial_rivers_room_b, uniq_fannar
Lair:3:   layout_cave_pods, dummy_snake_entry, ebering_ghost_rock_garden
Lair:4:   layout_hall_layers, minmay_shoals_entry_centaurs,
          ebering_ghost_disaster_area
Lair:5:   layout_misc_corridors, serial_bayou_pond_c
Lair:6:   minmay_lair_end_frog_pond, layout_hall_layers,
          nicolae_slime_entry_slimehenge
Shoals:1: layout_shoals, uniq_josephine
Shoals:2: layout_shoals, serial_shops, bzr_entry_islet, nicolae_shoals_so_close
Shoals:3: layout_shoals
Shoals:4: shoals_end_grunt_ice, layout_shoals
Snake:1:  layout_basic, serial_shops, bzr_entry_gold, grunt_megastairs_5,
          uniq_agnes
Snake:2:  layout_concentric_octagons, serial_shops, shop_fountains,
          minmay_shoptagon, uniq_aizul
Snake:3:  layout_grid_shapes, guppyfry_library_mini, uniq_kirke
Snake:4:  snake_pit, layout_gridlike, serial_shops,
          nicolae_shop_temple_entry_statues_fountains, minmay_shop_star
Vaults:1: hangedman_vaults_variations, vaults_room_boxed, vaults_room_octagon,
          nicolae_vaults_little_squares_4, nicolae_vaults_network_quinsquares
          [nicolae_vaults_network_quincunx_subvault,
          nicolae_vaults_network_quincunx_subvault,
          nicolae_vaults_network_quincunx_subvault,
          nicolae_vaults_network_quincunx_subvault],
          ontoclasm_vaults_decontamination, ontoclasm_vaults_spin,
          v_alt_pattern_5, layout_vaults_chaotic_city, serial_shops,
          nicolae_shop_trees, uniq_asterion
Vaults:2: nicolae_vaults_minivaults, nicolae_vaults_network_star,
          nicolae_vaults_arrows, hangedman_vaults_unwind,
          minmay_crypt_entry_necro_gods, hangedman_vaults_nails, v_pattern_5,
          v_misc_4, v_misc_22, v_misc_15, vaults_room_door_ring,
          layout_vaults_omnibox, uniq_saint_roka, uniq_mara
Vaults:3: v_misc_3, nicolae_vaults_sealed_display, v_misc_3, kb_rosetta,
          nicolae_vaults_asterisk, nicolae_vaults_theta, v_alt_pattern_6,
          vaults_dpeg_hooks, grunt_vaults_hallway_short, layout_vaults_omnigrid
Vaults:4: v_alt_pattern_1, vaults_room_pools, ontoclasm_vaults_claustrophobia,
          st_cells, v_misc_4, nicolae_vaults_what_the_h, vaults_dpeg_spiral,
          nicolae_vaults_circle_grid_b, layout_vaults_omnicross
Vaults:5: uniq_xtahua, uniq_sojobo
Depths:1: layout_twisted_cross, hell_entry, abyss_entry_flame_altar,
          grunt_decor_arrowhead, st_stairs_3,
          hangedman_abyss_or_decor_jellyfish_corner, kennysheep_big_empty_room,
          minmay_misc_feat_chi, kilobyte_rumbling_trees, minmay_shop_grove
Depths:2: hangedman_slaughterboxes, hell_entry
Depths:3: hangedman_box_tower, layout_honeycomb, enter_ziggurat_a,
          rand_demon_pan_entry_5, hell_entry, roderic_serpentine_path,
          uniq_jory, uniq_enchantress
Depths:4: minmay_glassy_protrusions, layout_basic, hell_entry,
          rand_demon_pan_entry_8, abyss_entry, ebering_dispersal_statue_hall,
          uniq_mennas
Depths:5: evilmike_zot_entry_argh, layout_basic, pf_coc_iceberg, abandoned_shop,
          minmay_misc_feat_pillars, st_stairs_13, minmay_misc_feat_tiny
Zot:1:    grunt_deathspiral_small, layout_onion
Zot:2:    ebering_greatest_show_in_zot, layout_misc_corridors
Zot:3:    layout_concentric_octagons, gammafunk_ghost_cemetery
Zot:4:    layout_gridlike
Zot:5:    layout_onion, st_stairs_4

Skill      XL: |  1  2  3  4  5  6  7  8  9 10 11 12 13 14 15 16 17 18 19 20 21 22 23 24 25 26 27 |
---------------+----------------------------------------------------------------------------------+-----
Maces & Flails | 3 4 5 6 8 11 12 13 14 | 14.0
Dodging        | 2 3 4 5 6 9 11 13 14 15 | 15.0
Fighting       | 4 5 6 8 9 11 12 14 15 17 18 19 20 | 20.4
Evocations     | 1 2 3 4 6 8 10 11 15 | 15.0
Armour         | 3 5 8 10 12 14 16 18 19 | 19.7
Shields        | 2 4 7 9 10 13 15 18 | 18.0

Action                   |  1- 3 |  4- 6 |  7- 9 | 10-12 | 13-15 | 16-18 | 19-21 | 22-24 | 25-27 || total
-------------------------+-------+-------+-------+-------+-------+-------+-------+-------+-------++-------
Melee: Mace              |    55 |   108 |       |       |       |       |       |       |       ||   163
       Bite              |    13 |    59 |   130 |   217 |   438 |   411 |   729 |   679 |   626 ||  3302
       Flail             |       |    89 |   351 |   460 |   700 |       |       |       |       ||  1600
       Demon whip        |       |       |       |       |   114 |   770 |  1269 |  1142 |  1134 ||  4429
Throw: Boomerang         |       |       |     4 |     5 |       |       |       |       |       ||     9
       Dart              |       |       |       |     1 |       |       |       |     1 |       ||     2
       Throwing net      |       |       |       |       |       |       |       |       |     2 ||     2
Invok: Berserk           |     3 |     6 |    10 |    15 |    18 |     2 |     4 |     2 |       ||    60
       Brothers in Arms  |       |       |       |     3 |     1 |     2 |     2 |     5 |     4 ||    17
       Trog's Hand       |       |       |       |       |     2 |     3 |     8 |    12 |     4 ||    29
Evoke: Wand              |       |       |     5 |    10 |     6 |     7 |     1 |    12 |    10 ||    51
       Lightning rod     |       |       |       |     6 |       |       |       |       |       ||     6
       Tin of tremorston |       |       |       |       |     3 |     1 |     4 |     7 |       ||    15
       Box of beasts     |       |       |       |       |       |       |     1 |     2 |     5 ||     8
       Condenser vane    |       |       |       |       |       |       |       |     2 |     1 ||     3
       Phantom mirror    |       |       |       |       |       |       |       |       |     1 ||     1
  Use: Potion            |       |     1 |       |       |       |     2 |     1 |       |    14 ||    18
       Scroll            |       |     7 |    11 |    10 |    14 |    10 |    10 |    14 |    17 ||    93
 Stab: Sleeping          |     1 |       |     1 |       |       |       |       |       |       ||     2
       Paralysed         |       |       |     3 |     5 |     7 |       |       |     5 |       ||    20
       Distracted        |       |       |       |     1 |       |       |       |       |     1 ||     2
       Invisible         |       |       |       |       |       |       |       |       |     3 ||     3
Armor: Animal skin       |     7 |       |       |       |       |       |       |       |       ||     7
       Scale mail        |    11 |    75 |    46 |       |       |       |       |       |       ||   132
       Chain mail        |       |       |    86 |   165 |   275 |   162 |   181 |    85 |       ||   954
       Crystal plate arm |       |       |       |       |       |       |       |   166 |   323 ||   489
Dodge: Dodged            |    29 |   120 |    85 |   136 |   341 |   260 |   318 |   286 |   264 ||  1839
Block: Kite shield       |       |    16 |   112 |   168 |   353 |   274 |       |       |       ||   923
       Tower shield      |       |       |       |       |       |   149 |   924 |   702 |   729 ||  2504

Table legend: (Time is in decaauts)
 A = Elapsed time spent in this place.
 B = Non-inter-level travel time spent in this place.
 C = Inter-level travel time spent in this place.
 D = Time resting spent in this place.
 E = Time spent auto-exploring this place.
 F = Levels seen in this place.
 G = Mean time per level.
                   A        B        C        D        E       F      G
               +--------+--------+--------+--------+--------+-----+--------+
         Total |  48377 |  42788 |   5589 |   4563 |  22659 |  48 | 1007.9 |
       Dungeon |  18830 |  16341 |   2489 |   3354 |   7626 |  15 | 1255.3 |
          Lair |   6388 |   5498 |    890 |    356 |   3778 |   6 | 1064.7 |
        Shoals |   3363 |   3160 |    203 |     14 |   2027 |   4 |  840.8 |
     Snake Pit |   3977 |   3440 |    537 |     38 |   2188 |   4 |  994.2 |
        Vaults |   8381 |   7841 |    540 |    482 |   4146 |   5 | 1676.2 |
        Depths |   5327 |   4602 |    725 |     43 |   2833 |   5 | 1065.4 |
           Zot |   1847 |   1646 |    201 |    274 |      0 |   5 |  369.4 |
         Abyss |    163 |    163 |      0 |      0 |      6 |   2 |   81.5 |
        Bazaar |     96 |     96 |      0 |      0 |     54 |   2 |   48.0 |
               +--------+--------+--------+--------+--------+-----+--------+

Top non-repeatable levels by time:
Vaults:5: 2500 daAuts
    D:14: 1692 daAuts
    D:13: 1637 daAuts
Vaults:1: 1637 daAuts
    D:11: 1637 daAuts
  Lair:3: 1599 daAuts
Depths:3: 1566 daAuts
Vaults:3: 1562 daAuts
Vaults:2: 1518 daAuts
     D:8: 1478 daAuts
    D:12: 1422 daAuts
     D:5: 1405 daAuts
     D:9: 1376 daAuts
     D:3: 1327 daAuts
     D:2: 1314 daAuts
